Map: Acid Plant LE

Players

fruitcake

  • Race: Terran Terran
  • Spawn Location: 5:00

A.I. 1 (Elite) - Winner!

  • Race: Terran Terran
  • Spawn Location: 11:00

VOD

Have the link to the VOD?

Description

Time

  • Played on: May 10, 2018, 4:32 p.m.
  • Length: 12:38
Show
View Real Time Build Order
Export as new Build Order

fruitcake Terran 

Build Orders:  

Get SALT Encoding   

  12  0:01  SCV  
  13  0:14  Supply Depot  
  13  0:17  SCV  
  14  0:26  Refinery  
  14  0:29  SCV  
  15  0:41  SCV  
  16  0:52  Barracks  
  16  0:53  SCV  
  17  1:05  SCV  
  18  1:17  SCV, Refinery  
  19  1:29  SCV  
  20  1:41  SCV  
  20  1:45  Barracks Reactor  
  21  1:56  Supply Depot  
  21  2:03  Factory  
  21  2:20  Barracks  
  21  2:28  SCV  
  21  2:29  Bunker  
  22  2:35  Engineering Bay  
  22  2:36  Reaper x2  
  24  2:40  SCV  
  25  2:58  Starport  
  25  3:00  Factory Tech Lab  
  25  3:08  Reaper x2  
  25  3:12  Supply Depot  
  27  3:20  Barracks Reactor  
  27  3:32  Siege Tank  
  30  3:42  Reaper  
  31  4:14  Reaper x2  
  31  4:15  Reaper  
  34  4:23  Reaper  
  30  4:46  Reaper x2  
  30  4:49  Reaper  
  33  4:54  Command Center  
  33  4:57  Orbital Command  
  33  5:08  Siege Tank  
  36  5:21  Reaper  
  37  5:31  Reaper  
  37  5:43  Reaper  
  37  5:53  Liberator  
  32  5:59  SCV  
  36  6:11  SCV  
  37  6:21  SCV  
  37  6:24  SCV  
  39  6:31  Marine  
  39  6:32  Marine x3  
  41  6:33  SCV  
  41  6:34  Refinery  
  41  6:35  Terran Infantry Weapons Level 1, Refinery  
  41  6:36  SCV  
  41  6:39  Hellion  
  47  6:45  SCV  
  48  6:48  SCV  
  48  6:49  Marine, Infernal Pre-Igniter  
  48  6:50  Marine x3  
  53  6:59  SCV  
  54  7:09  Supply Depot  
  54  7:13  Supply Depot  
  54  7:30  Marine x4, SCV, Hellion  
  61  7:48  Marine x4, Viking  
  67  7:52  Hellion  
  69  8:04  Supply Depot  
  69  8:05  Marine  
  69  8:11  Missile Turret  
  70  8:19  Sensor Tower  
  70  8:26  Marine x2, SCV x2, Medivac, Hellion  
  78  8:27  Supply Depot  
  78  8:35  Marine x2  
  78  8:38  SCV x2  
  64  8:43  Marine  
  65  8:50  SCV x2  
  65  8:51  Marine  
  65  8:53  Marine x2  
  70  8:55  Supply Depot  
  70  8:56  Viking  
  70  9:01  Marine  
  70  9:02  SCV  
  74  9:08  Marine  
  75  9:10  Starport, Terran Infantry Armor Level 1  
  75  9:11  Marine x2  
  75  9:15  Armory  
  77  9:19  Marine  
  77  9:22  Supply Depot x2  
  78  9:26  Medivac  
  78  9:28  SCV  
  81  9:33  Marine  
  84  9:40  SCV  
  83  9:47  Supply Depot, Starport  
  83  9:52  SCV  
  84  9:56  Medivac  
  86  10:05  Cyclone x2  
  92  10:09  Command Center  
  92  10:26  Liberator  
  92  10:27  SCV x2  
  94  10:37  Cyclone x2  
  94  10:39  SCV x2  
  105  10:51  SCV x2  
  107  11:03  SCV x2  
  109  11:09  Liberator, Cyclone x2  
  109  11:10  Marine x3  
  104  11:15  SCV x2  
  72  11:27  Marine x2  
  72  11:28  Marauder  
  38  11:45  Marine x2  
  26  11:50  Marauder  
  21  12:03  Marine x2  
  19  12:11  Marauder  
Show
View Real Time Build Order
Export as new Build Order

A.I. 1 (Elite) Terran - Winner!

Build Orders: MMM Bio 

Get SALT Encoding   

  12  0:00  SCV  
  13  0:13  SCV  
  14  0:18  Supply Depot  
  14  0:25  SCV  
  15  0:40  SCV  
  15  0:42  Barracks  
  16  0:52  SCV  
  17  1:04  SCV  
  17  1:10  Refinery  
  18  1:13  Supply Depot  
  18  1:16  SCV  
  19  1:28  SCV  
  19  1:30  Marine  
  21  1:41  Command Center  
  21  2:05  Barracks  
  21  2:07  SCV  
  22  2:10  Marine  
  23  2:16  Factory  
  23  2:19  SCV  
  24  2:24  Supply Depot  
  24  2:27  Marine  
  25  2:31  SCV  
  26  2:43  SCV  
  27  2:45  Marine  
  28  2:53  Orbital Command  
  28  2:55  SCV  
  29  3:01  Factory Tech Lab, Refinery  
  29  3:10  Orbital Command  
  29  3:11  Marine  
  30  3:15  Marine  
  31  3:21  SCV  
  32  3:29  Marine  
  32  3:33  Marine, SCV  
  35  3:36  SCV  
  36  3:43  Barracks  
  36  3:45  SCV  
  36  3:47  Marine  
  36  3:48  SCV  
  39  3:51  Barracks Tech Lab  
  39  3:57  SCV  
  39  4:00  SCV, Supply Depot  
  41  4:06  Barracks Tech Lab  
  41  4:09  Marine, SCV  
  42  4:12  SCV  
  39  4:18  Hellion  
  39  4:21  SCV  
  39  4:24  Marine, SCV  
  39  4:27  Marine  
  39  4:30  Marine  
  41  4:33  SCV  
  41  4:36  SCV  
  43  4:39  Hellion  
  43  4:42  Marine  
  45  4:45  SCV  
  45  4:46  Marauder  
  45  4:48  SCV  
  45  4:50  Marine  
  50  4:58  SCV, Stimpack  
  51  5:00  SCV, Marauder  
  54  5:07  Marine  
  54  5:08  Supply Depot  
  54  5:11  Marine  
  54  5:12  SCV  
  54  5:13  SCV  
  58  5:21  Marauder  
  58  5:25  SCV  
  58  5:26  SCV  
  62  5:30  Marauder  
  62  5:32  Supply Depot  
  64  5:37  SCV  
  64  5:38  SCV  
  64  5:39  Marine  
  68  5:43  Marauder  
  68  5:49  SCV  
  67  5:50  SCV  
  67  5:51  Marauder  
  67  5:56  Supply Depot  
  70  5:57  Marine, Combat Shields  
  70  5:59  Engineering Bay  
  70  6:01  SCV  
  70  6:03  SCV  
  75  6:04  Marauder  
  75  6:12  Marauder  
  75  6:13  SCV  
  78  6:21  Supply Depot  
  78  6:22  Marine  
  78  6:23  Engineering Bay  
  78  6:25  Marine  
  80  6:26  Terran Infantry Armor Level 1  
  80  6:29  Siege Tank  
  83  6:34  Marauder  
  83  6:35  Command Center  
  85  6:41  Barracks Reactor  
  85  6:45  Supply Depot  
  85  6:46  Marauder  
  87  6:49  Terran Infantry Weapons Level 1  
  87  6:55  Missile Turret  
  87  6:57  Missile Turret  
  87  6:59  Concussive Shells  
  90  7:01  Siege Tank  
  90  7:04  Barracks  
  90  7:08  Starport  
  90  7:12  Refinery  
  90  7:15  Refinery  
  90  7:17  Marine  
  90  7:20  Marine, Supply Depot  
  92  7:32  Missile Turret  
  92  7:33  Siege Tank  
  92  7:37  SCV x2  
  97  7:45  Supply Depot  
  97  7:46  Starport Reactor  
  97  7:49  SCV  
  97  7:50  SCV x2  
  100  7:59  Refinery  
  100  8:01  SCV  
  100  8:02  SCV  
  100  8:03  Missile Turret, Orbital Command  
  100  8:05  Siege Tank, Missile Turret  
  105  8:07  Refinery  
  105  8:08  Armory  
  105  8:13  SCV  
  105  8:14  SCV  
  107  8:22  Medivac  
  107  8:25  SCV  
  107  8:26  SCV  
  111  8:29  SCV  
  110  8:35  Armory  
  110  8:37  SCV  
  110  8:38  Marine  
  110  8:39  SCV, Marine, Marauder  
  110  8:41  Marine, SCV  
  104  8:43  Marine  
  98  8:49  SCV  
  98  8:51  SCV  
  98  8:53  SCV  
  98  8:55  Terran Vehicle And Ship Armor Level 1  
  101  8:56  Marine  
  101  8:57  Terran Infantry Weapons Level 2  
  101  8:59  Marine  
  101  9:00  Marine, Marauder  
  101  9:01  SCV, Marine  
  108  9:03  SCV  
  108  9:05  SCV  
  110  9:12  Medivac  
  110  9:13  SCV  
  110  9:14  Marine  
  110  9:15  SCV  
  115  9:17  Marine, SCV  
  115  9:18  Marine  
  115  9:22  Terran Vehicle Weapons Level 1, Supply Depot, Marauder  
  120  9:32  Marauder  
  120  9:33  Siege Tank  
  125  9:38  Missile Turret  
  125  9:41  Command Center  
  125  9:43  Marauder  
  127  9:53  Supply Depot  
  127  9:54  Marauder  
  127  9:56  Medivac  
  127  9:59  Missile Turret  
  131  10:03  Factory  
  131  10:05  Siege Tank  
  131  10:06  Starport  
  134  10:07  Hi-Sec Auto Tracking  
  134  10:18  Supply Depot  
  134  10:19  Medivac  
  136  10:31  Marine  
  136  10:32  Marine  
  136  10:33  Marine, Liberator  
  139  10:37  Cyclone  
  139  10:39  Missile Turret  
  139  10:40  Missile Turret  
  139  10:41  Marine  
  143  10:43  Starport Tech Lab, Supply Depot  
  143  10:45  Marine  
  143  10:46  Factory Tech Lab  
  144  10:53  Marine  
  148  11:01  Marine  
  148  11:02  Marine, Raven  
  148  11:03  High Capacity Fuel Tanks  
  154  11:04  Widow Mine  
  154  11:05  Planetary Fortress, Refinery  
  154  11:06  Command Center  
  154  11:09  Cyclone, Barracks  
  155  11:11  Missile Turret  
  150  11:20  Marine  
  150  11:24  Marine  
  150  11:25  Siege Tank, Missile Turret  
  151  11:26  Marine  
  151  11:28  Marine  
  151  11:29  Barracks Tech Lab, Missile Turret  
  151  11:32  Supply Depot  
  148  11:35  Refinery  
  148  11:37  Marine  
  138  11:41  Widow Mine  
  138  11:42  Marauder  
  138  11:43  Marine  
  138  11:45  Raven  
  138  11:46  Marine  
  139  11:47  Marauder  
  139  11:48  Medivac  
  136  11:55  Marine x2  
  136  11:57  Siege Tank  
  135  12:01  Marine  
  135  12:03  Widow Mine  
  135  12:04  Marine, Marauder  
  141  12:09  Marauder  
  141  12:13  Marine  
  141  12:15  Marine  
  140  12:19  Marine  
  144  12:26  Refinery  
  150  12:31  Refinery  
Tags
 
Composition
MMM Bio
Matchup
TvT
Race
Terran
Spawn Locations
Cross Positions
Add a new tag
Caveats
  • Supply blocks, unpowered buildings, or Contaminate may cause inaccurate times.
  • Supply counts are checked every 10 seconds.